 Dungeon Crawl Stone Soup version 0.32-a0-984-gb8cfe57ea9 (webtiles) character file.

Game seed: 4410679499738505895

221119 P0WERM0DE the Fetichist (level 19, -3/165 HPs)
             Began as a Coglin Chaos Knight on Apr 21, 2024.
             Was a Plaything of Xom.
             Slain by a faun
             ... wielding a +0 spear
             ... led by a satyr
              (5 damage)
             ... on level 4 of the Shoals.
             The game lasted 00:29:22 (35109 turns).

P0WERM0DE the Fetichist (Coglin Chaos Knight)      Turns: 35109, Time: 00:29:22

Health: -3/165     AC: 44    Str: 15    XL:     19   Next: 19%
Magic:  19/19      EV:  5    Int: 15    God:    Xom [..*...]
Gold:   455        SH:  0    Dex: 24    Spells: 18/18 levels left

rFire   + + +        a - +8 broad axe (elec) {Gnaeus}
rCold   + . .        Z - +10 morningstar "Eos" {elec, Halo rElec}
rNeg    . . .        i - +14 plate armour of the Gloaming {rPois Will+}
rPois   +            M - +2 helmet
rElec   +            S - +1 cloak {rCorr}
rCorr   +            C - +2 pair of gloves
SInv    .            U - +2 pair of boots
Will    +....        (amulet unavailable) Stlth
                     (ring unavailable)
HPRegen 0.47/turn    (ring unavailable)
MPRegen 0.16/turn    o - pneumatic capacitor {Rampage Acrobat rF+ rC+}

%: acrobat, clarity, rampage
@: weak-willed, glowing, revved
A: off-hand wielding, slow wielding, warmup strikes, no jewellery, thin skeletal
structure 1, camouflage 1, agile 2, clarity, clever 1, fire resistance 2, poison
resistance, MP-powered wands
}: 1/15 runes: serpentine
a: Renounce Religion


You were on level 4 of the Shoals.
You worshipped Xom.
You were a toy of Xom.
You visited 6 branches of the dungeon, and saw 31 of its levels.
You also visited: Ice Cave and Volcano.

You collected 3085 gold pieces.
You spent 2630 gold pieces at shops.

Inventory:

Hand Weapons
 a - a +8 broad axe of electrocution (weapon) {Gnaeus}
   (You acquired it on level 2 of the Lair of Beasts)
 G - a +0 antimagic broad axe
   (You took it off a tengu warrior on level 9 of the Dungeon)
 T - a +0 war axe of distortion
   (You found it on level 2 of the Lair of Beasts)
 Z - the +10 morningstar "Eos" (offhand) {elec, Halo rElec}
   (You found it on level 1 of the Snake Pit)

   Halo:      It grants its wielder a halo, revealing invisible creatures and
   increasing accuracy against all within it other than the wielder.
   rElec:     It insulates you from electricity.
Missiles
 y - 4 curare-tipped darts (quivered)
 F - a throwing net
Armour
 g - a +0 pair of boots of rampaging
   (You found it on level 2 of the Shoals)
 i - the +14 plate armour of the Gloaming (worn) {rPois Will+}
   (You found it on level 6 of the Dungeon)

   rPois:     It protects you from poison.
   Will+:     It increases your willpower.
 j - a scarf of resistance
   (You found it on level 6 of the Dungeon)
 z - a +0 helmet of intelligence
   (You found it on level 4 of the Shoals)
 C - a +2 pair of gloves (worn)
   (You found it on level 7 of the Dungeon)
 M - a +2 helmet (worn)
   (You found it on level 10 of the Dungeon)
 S - a +1 cloak of preservation (worn)
   (You bought it in a shop on level 2 of the Orcish Mines)
 U - a +2 pair of boots (worn)
   (You bought it in a shop on level 2 of the Orcish Mines)
Gizmo
 o - a pneumatic capacitor (installed) {Rampage Acrobat rF+ rC+}
   (You invented it yourself on level 4 of the Lair of Beasts)

   [pneumatic capacitor]

   rF+:       It protects you from fire.
   rC+:       It protects you from cold.
   Rampage:   It bestows one free step when moving towards enemies.
   Acrobat:   It increases your evasion after moving or waiting.
Wands
 b - a wand of mindburst (60)
   (You found it on level 6 of the Dungeon)
 k - a wand of roots (12)
   (You found it on level 3 of the Dungeon)
 v - a wand of digging (12)
   (You found it on level 3 of the Lair of Beasts)
 B - a wand of polymorph (19)
   (You took it off Maurice on level 7 of the Dungeon)
 E - a wand of charming (27)
   (You found it on level 8 of the Dungeon)
 H - a wand of acid (8)
   (You found it on level 8 of the Dungeon)
 W - a wand of flame (29)
   (You found it on level 7 of the Dungeon)
Scrolls
 c - a scroll of butterflies
 e - 6 scrolls of amnesia
 f - a scroll of summoning
 m - 4 scrolls of revelation
 p - 4 scrolls of torment
 r - 11 scrolls of identify
 s - 2 scrolls of vulnerability
 t - a scroll of teleportation
 w - a scroll of enchant armour
 N - 4 scrolls of poison
 O - 2 scrolls of immolation
 P - 2 scrolls of brand weapon
 R - 4 scrolls of fear
 X - 2 scrolls of fog
Potions
 d - 5 potions of might
 h - 4 potions of haste
 l - 8 potions of lignification
 n - 5 potions of resistance
 q - 8 potions of curing
 u - 5 potions of mutation
 A - a potion of invisibility
 J - 3 potions of enlightenment
 K - 4 potions of magic
 L - 3 potions of attraction
 Q - a potion of cancellation
 V - 2 potions of ambrosia
Miscellaneous
 x - a tin of tremorstones (1/2)
   (You found it on level 3 of the Lair of Beasts)
 D - a phial of floods
   (You found it on level 5 of the Lair of Beasts)
 I - a phantom mirror
   (You found it on level 1 of the Snake Pit)
 Y - a box of beasts
   (You found it on level 1 of the Shoals)


   Skills:
 * Level 18.7 Fighting
 * Level 18.6 Axes
 * Level 15.2 Armour
 - Level 0.8 Dodging
 - Level 20.0 Evocations


You had 18 spell levels left.
You didn't know any spells.
Your spell library contained the following spells:

 Spells                   Type           Power      Damage    Failure   Level
 Apportation              Tloc           0%         N/A       99%         1
 Freeze                   Ice            0%         1d3       99%         1
 Sandblast                Erth           0%         2d4       99%         1
 Slow                     Hex            0%         N/A       99%         1
 Summon Small Mammal      Summ           0%         N/A       99%         1
 Call Imp                 Summ           0%         N/A       100%        2
 Ensorcelled Hibernation  Hex/Ice        0%         N/A       100%        2
 Jinxbite                 Hex            0%         N/A       100%        2
 Sublimation of Blood     Necr           0%         N/A       100%        2
 Call Canine Familiar     Summ           0%         N/A       100%        3
 Confusing Touch          Hex            0%         N/A       100%        3
 Frozen Ramparts          Ice            0%         1d1       100%        3
 Inner Flame              Hex/Fire       0%         N/A       100%        3
 Passwall                 Erth           0%         N/A       100%        3
 Sigil of Binding         Hex            0%         N/A       100%        3
 Stone Arrow              Conj/Erth      0%         3d7       100%        3
 Swiftness                Air            0%         N/A       100%        3
 Vampiric Draining        Necr           0%         2d6       100%        3
 Volatile Blastmotes      Fire/Tloc      0%         2d10      100%        3
 Anguish                  Hex/Necr       0%         N/A       100%        4
 Animate Armour           Summ/Erth      0%         N/A       100%        4
 Animate Dead             Necr           0%         N/A       100%        4
 Cause Fear               Hex            0%         N/A       100%        4
 Olgreb's Toxic Radiance  Alch           0%         N/A       100%        4
 Petrify                  Alch/Erth      0%         N/A       100%        4
 Summon Blazeheart Golem  Fire/Summ      0%         N/A       100%        4
 Vhi's Electric Charge    Tloc/Air       0%         N/A       100%        4
 Alistair's Intoxication  Alch           0%         N/A       100%        5
 Borgnjor's Vile Clutch   Necr/Erth      0%         N/A       100%        5
 Irradiate                Conj/Alch      0%         3d11      100%        5
 Eringya's Noxious Bog    Alch           0%         4d6       100%        6
 Gell's Gavotte           Tloc           0%         2d(11-16) 100%        6
 Enfeeble                 Hex            0%         N/A       100%        7
 Haunt                    Necr/Summ      0%         N/A       100%        7
 Ozocubu's Refrigeration  Ice            0%         4d7       100%        7
 Summon Hydra             Summ           0%         N/A       100%        7
 Discord                  Hex            0%         N/A       100%        8
 Fulsome Fusillade        Conj/Alch      0%         (3-5)d4   100%        8
 Ignition                 Fire           0%         3d3       100%        8
 Infestation              Necr           0%         N/A       100%        8
 Summon Horrible Things   Summ           0%         N/A       100%        8


Dungeon Overview and Level Annotations

Branches:
Dungeon (15/15)            Temple (1/1) D:5            Lair (5/5) D:9
 Shoals (4/4) Lair:3        Snake (4/4) Lair:2        Slime (0/5) Lair:5
    Orc (2/2) D:11            Elf (0/3) Orc:2        Vaults (0/5) D:13
 Depths (0/4) D:15          IceCv (visited)         Volcano (visited)

Altars:
Ashenzari
Cheibriados
Dithmenos
Elyvilon
Fedhas
Gozag
Hepliaklqana
Kikubaaqudgha
Makhleb
Nemelex Xobeh
Okawaru
Qazlal
Ru
Sif Muna
Trog
Uskayaw
Vehumet
Wu Jian
Xom
Yredelemnul
Zin
The Shining One
Beogh
Jiyva

Shops:
D:8 *   Orc:2 *=*[(   Snake:1 *   Snake:2 *   Snake:3 !?   Snake:4 !?*

Annotations:
D:3 2 transporters, Sokar's ghost, weakling DrSh
D:9 1 transporter
D:11 2 transporters, arvianne's ghost, journeyman KoBr
Shoals:2 1 runed translucent door


Innate Abilities, Weirdness & Mutations

You can wield a second weapon in your off-hand.
It takes a long time for you to wield or remove held weapons.
Your first few attacks do less damage.
You cannot equip rings or amulets.
You have a somewhat thin skeletal structure. (Dex +2, Stealth+)
Your skin changes colour to match your surroundings (Stealth+).
You are very agile. (Dex +8, Str/Int -2)
You possess an exceptional clarity of mind.
Your mind is acute. (Int +4, Str/Dex -1)
Your flesh is very heat resistant. (rF++)
Your system is resistant to poisons. (rPois)
You expend magic power (3 MP) to strengthen your wands.


Message History

The satyr is heavily wounded.
You slash the sea snake with your +8 broad axe of electrocution!
You hit the manticore but do no damage.
You hit the faun with your +8 broad axe of electrocution.
Lightning courses through the faun!
You puncture the satyr with the +10 morningstar "Eos"!
The manticore bites you. The manticore claws you.
The manticore claws you but does no damage.
The faun closely misses you.
The satyr shoots an arrow.
The arrow hits you!!
* * * LOW HITPOINT WARNING * * *
The faun unwields a +1 sling of draining.
The faun wields a +0 spear.
The faun hits you with a +0 spear!
* * * LOW HITPOINT WARNING * * *
The faun hits you but does no damage.
The sea snake bites you but does no damage.
You completely miss the satyr with the +10 morningstar "Eos".
The satyr is severely wounded.
You slash the satyr with your +8 broad axe of electrocution!
You slash the sea snake with your +8 broad axe of electrocution!
You hit the manticore with your +8 broad axe of electrocution.
Lightning courses through the manticore!!
You slash the faun with your +8 broad axe of electrocution!
The faun no longer looks unusually strong.
The manticore bites you!
* * * LOW HITPOINT WARNING * * *
The manticore claws you but does no damage. x2
The faun hits you but does no damage.
The satyr plays a rousing melody on its pipes!
The faun goes into a battle-frenzy!
The sea snake bites you!
* * * LOW HITPOINT WARNING * * *
You impale the satyr with the +10 morningstar "Eos"!!
You kill the satyr!
You hit the sea snake with your +8 broad axe of electrocution.
You slash the manticore with your +8 broad axe of electrocution!
You kill the manticore!
You barely miss the faun with your +8 broad axe of electrocution.
The faun hits you with a +0 spear.
You die...
Xom chuckles heartily!

..~.... .~~~ ..~~....##
.~~~ ~~~≈≈≈~~~.. ~~≈~~
~.~~~≈~~.... ~~..~
#..~~~~~~.~... ~~....
#..~~~~≈~≈~cc##..~~..
#..≈≈.~≈≈≈~.)#S..~~..
#...$..≈≈≈≈~c@......#
.........~≈≈~........
...........~~..~≈..~~
≈~~..............~~≈..~~
≈~~..............~≈≈~.~~
≈~~.~~#####......~~≈~~~.
~~..~##...##.....~~~~~~.
.....#.....#.....~~~~~~~
.....#.~)..'........~≈~


You could see a sea snake and 3 fauns.

Vanquished Creatures
  Jorgrun (Snake:1)
  The ghost of Weciw the Grappler, an adept TrSh of Cheibriados (Shoals:2)
  The ghost of skelma the Brawler, an adept DrBe of Trog (Shoals:3)
  6 krakens
  The ghost of Kifroibbe the Severer, an adept DsMo of Nemelex Xobeh (Shoals:3)
  The ghost of Kifroibbe the Severer, an adept DsMo of Nemelex Xobeh (Shoals:3)
  The ghost of Toskicku the Marksant, an adept FoHu of Okawaru (Shoals:3)
  Ilsuiw (Shoals:3)
  Aizul (Snake:2)
  15 nagarajas (Snake:4)
  Louise (Shoals:3)
  A quicksilver ooze (shapeshifter) (Shoals:3)
  An orc warlord (Orc:2)
  A dire elephant (D:15)
  An ettin (Orc:1)
  5 merfolk javelineers
  6 merfolk impalers
  4 salamander tyrants
  8 vault guards (D:13)
  The ghost of P0WERM0DE the Fighter, a journeyman CoCK of Xom (D:9)
  A rakshasa (D:13)
  5 hydras
  3 merfolk aquamancers (Shoals:1)
  3 alligator snapping turtles
  4 centaur warriors
  A catoblepas (D:14)
  11 anacondas
  An ogre mage (Orc:2)
  3 merfolk avatars
  A satyr (Shoals:4)
  A boulder beetle (D:15)
  3 death yaks (Lair:5)
  3 tengu warriors
  6 two-headed ogres
  9 naga sharpshooters
  13 naga warriors
  An orc high priest (Orc:2)
  4 shock serpents
  2 sun demons (Volcano)
  3 skysharks
  8 salamander mystics
  7 sea snakes
  An arcanist (D:14)
  3 naga ritualists
  9 mana vipers
  10 harpies
  3 orc knights (Orc:2)
  2 deep elf pyromancers (D:15)
  4 orc sorcerers
  24 salamanders
  14 cyclopes
  16 manticores
  Maurice (D:7)
  12 fauns
  17 elephants
  2 gargoyles
  16 black mambas
  7 slime creatures
  4 guardian serpents (Snake:4)
  15 naga magi
  Maggie (D:9)
  11 merfolk sirens
  A torpor snail (Lair:5)
  3 water nymphs
  3 smoke demons (Volcano)
  An ice statue (D:7)
  16 cane toads
  A kobold demonologist (D:12)
  Jeremiah (D:7)
  A tengu conjurer (D:15)
  2 rime drakes (Lair:5)
  2 freezing wraiths
  4 unseen horrors
  12 komodo dragons
  A troll (shapeshifter) (D:12)
  A polar bear (shapeshifter) (D:15)
  2 polar bears (Lair:5)
  3 hornets
  A queen bee (Lair:3)
  6 trolls
  9 wind drakes
  34 merfolk
  28 blink frogs
  7 snapping turtles
  12 dream sheep
  A shadow (D:10)
  18 wyverns
  2 wargs (Orc:2)
  44 yaks
  9 water elementals
  A wraith (D:12)
  6 steam dragons
  4 death yak simulacra
  14 vampire mosquitoes
  6 basilisks
  Menkaure (D:4)
  A swamp worm (D:7)
  34 nagas
  2 acid dragons
  3 hell hounds (Volcano)
  17 water moccasins
  22 orc warriors
  A swamp drake (Shoals:3)
  3 black bears
  4 ice beasts
  8 ogres
  11 wolves
  7 centaurs
  A phantom (D:5)
  3 kobold brigands
  3 bullfrogs
  2 cane toad simulacra (Lair:4)
  2 gnoll sergeants
  5 scorpions
  6 wights (D:7)
  An elephant simulacrum (IceCv)
  41 killer bees
  6 howler monkeys
  6 electric eels
  2 gnoll boudas
  17 orc priests
  2 jellies
  5 iguanas
  3 sleepcaps
  22 orc wizards
  A polar bear simulacrum (IceCv)
  A wolf simulacrum (Lair:4)
  19 gnolls
  A river rat (Lair:3)
  5 adders
  A shadow imp (D:3)
  2 ufetubi (D:5)
  A dart slug (D:2)
  A ribbon worm (D:5)
  65 orcs
  9 bats
  12 endoplasms
  3 giant cockroaches
  10 goblins
  3 hobgoblins
  4 quokkas
  8 ball pythons
  4 frilled lizards
  13 kobolds
  2 rats
  27 tentacles
1012 creatures vanquished.

Vanquished Creatures (collateral kills)
  A nagaraja (Snake:4)
  A fire dragon (Volcano)
  A salamander tyrant (Snake:4)
  A two-headed ogre (D:9)
  A naga sharpshooter (Snake:4)
  A sun demon (Volcano)
  2 naga warriors (Snake:4)
  A naga mage (Snake:4)
  A moth of wrath (D:9)
  A black mamba (Snake:4)
  4 dream sheep (Lair:3)
  3 nagas
  An orc warrior (D:9)
  A hound (D:7)
  2 gnolls (D:7)
22 creatures vanquished.

Vanquished Creatures (others)
  2 dancing weapons (Snake:4)
  A naga sharpshooter (Snake:3)
  3 salamanders
  A black mamba (Snake:3)
  A blink frog (Lair:5)
  A water moccasin zombie (D:7)
  4 kobolds (D:9)
  48 tentacles
61 creatures vanquished.

Grand Total: 1095 creatures vanquished

Notes
Turn   | Place    | Note
-------+----------+-------------------------------------------
     0 | D:1      | P0WERM0DE the Coglin Chaos Knight began the quest for the
                  | Orb.
     0 | D:1      | Reached XP level 1. HP: 18/18 MP: 1/1
   202 | D:1      | XOM: silly message
   259 | D:1      | Reached XP level 2. HP: 24/24 MP: 2/2
   549 | D:1      | Reached XP level 3. HP: 24/29 MP: 3/3
   757 | D:2      | XOM: divination: magic mapping
   902 | D:2      | Reached XP level 4. HP: 37/37 MP: 4/4
   974 | D:2      | XOM: silly message
  1038 | D:3      | Found a transporter.
  1038 | D:3      | Noticed Sokar's ghost (weakling DrSh)
  1042 | D:3      | Found a transporter.
  1051 | D:3      | XOM is BORED!
  1051 | D:3      | XOM: silly message
  1148 | D:3      | XOM: silly message
  1168 | D:3      | XOM: potion effect (might)
  1173 | D:3      | Reached XP level 5. HP: 32/43 MP: 5/5
  1293 | D:3      | XOM: silly message
  1450 | D:3      | XOM: silly message
  1626 | D:4      | Noticed Menkaure
  1629 | D:4      | XOM: potion effect (haste)
  1629 | D:4      | XOM: butterfly on damage
  1633 | D:4      | Killed Menkaure
  1634 | D:4      | Reached skill level 2 in Evocations
  1634 | D:4      | Reached XP level 6. HP: 36/50 MP: 6/6
  1635 | D:4      | Identified a scroll of acquirement
  1703 | D:4      | Acquired a +2 war axe of venom
  1800 | D:4      | XOM: god gift: 2 pink potions {god gift}
  1849 | D:4      | Reached skill level 5 in Fighting
  2059 | D:5      | Entered Level 5 of the Dungeon
  2094 | D:5      | Reached skill level 5 in Axes
  2134 | D:5      | Found a staircase to the Ecumenical Temple.
  2134 | D:5      | XOM: 6-stop teleportation journey
  2141 | D:5      | Reached skill level 3 in Evocations
  2174 | D:5      | Noticed an ice beast
  2182 | D:5      | Killed an ice beast
  2183 | D:5      | Reached XP level 7. HP: 56/56 MP: 7/7
  2286 | Temple   | Entered the Ecumenical Temple
  2331 | D:5      | Reached skill level 4 in Evocations
  2446 | D:5      | Found a shimmering blue altar of Sif Muna.
  2472 | D:5      | XOM: 3-stop teleportation journey
  2663 | D:5      | XOM: god gift: book of Transmutation
  2814 | D:5      | Reached skill level 5 in Evocations
  3280 | D:6      | Reached XP level 8. HP: 34/64 MP: 8/8
  3654 | D:6      | XOM: noise
  3788 | D:6      | Identified the +14 plate armour of the Gloaming {rPois
                  | Will+}
  3794 | D:6      | XOM: give mutations
  3794 | D:6      | Gained mutation: You are agile. (Dex +4, Str/Int -1) [Xom's
                  | grace]
  3794 | D:6      | Gained mutation: You are robust. (+10% HP) [Xom's grace]
  3794 | D:6      | Gained mutation: You are very agile. (Dex +8, Str/Int -2)
                  | [Xom's grace]
  3861 | D:6      | Found a shadowy altar of Dithmenos.
  3905 | D:6      | XOM: give mutations
  3905 | D:6      | Gained mutation: You possess an exceptional clarity of
                  | mind. [Xom's grace]
  3905 | D:6      | Gained mutation: You passively dampen the noise of your
                  | surroundings. [Xom's grace]
  3905 | D:6      | Gained mutation: Your mind is acute. (Int +4, Str/Dex -1)
                  | [Xom's grace]
  3905 | D:6      | Gained mutation: Your system is resistant to poisons.
                  | (rPois) [Xom's grace]
  3933 | D:6      | XOM: scenery: create altars
  4006 | D:6      | Reached skill level 6 in Evocations
  4094 | D:6      | XOM: confuse monster(s)
  4142 | D:6      | XOM: torment (37/71 hp)
  4357 | D:6      | XOM: give mutations
  4357 | D:6      | Gained mutation: You have hidden genetic defects. [Xom's
                  | mischief]
  4357 | D:6      | Lost mutation: Your system is resistant to poisons. (rPois)
                  | [Xom's mischief]
  4357 | D:6      | Gained mutation: You have supernaturally acute eyesight.
                  | (SInv) [Xom's mischief]
  4512 | D:7      | Lost mutation: Your mind is acute. (Int +4, Str/Dex -1)
                  | [hidden defects]
  4578 | D:7      | XOM: summons 1 hostile demon
  4602 | D:7      | Noticed an ice statue
  4605 | D:7      | XOM: confuse monster(s)
  4612 | D:7      | XOM: cast spell 'Summon Small Mammal'
  4622 | D:7      | Killed an ice statue
  4623 | D:7      | Reached skill level 7 in Evocations
  4623 | D:7      | Reached XP level 9. HP: 43/79 MP: 9/9
  4639 | D:7      | Lost mutation: You are robust. (+10% HP) [hidden defects]
  4639 | D:7      | Lost mutation: You have hidden genetic defects. [hidden
                  | defects expressed]
  4835 | D:8      | XOM: enchant monster (good)
  4849 | D:8      | Reached skill level 8 in Evocations
  5110 | D:8      | XOM: 7-stop teleportation journey
  5170 | D:7      | XOM: cleaving
  5263 | D:7      | XOM: enchant monster (good)
  5276 | D:7      | Noticed Maurice
  5278 | D:7      | Noticed a hornet
  5283 | D:7      | Reached skill level 9 in Evocations
  5290 | D:7      | Maurice stole a +0 spear of venom
  5292 | D:7      | Killed Maurice
  5293 | D:7      | Killed a hornet
  5294 | D:7      | Reached XP level 10. HP: 58/82 MP: 7/10
  5367 | D:7      | Found a bloodstained altar of Trog.
  5509 | D:7      | XOM: god gift: book of Burglary
  5669 | D:7      | Reached skill level 10 in Evocations
  5696 | D:7      | Noticed Jeremiah
  5722 | D:7      | Killed Jeremiah
  6108 | D:7      | XOM: cloud trail
  6247 | D:8      | Found Laog's Assorted Antiques.
  6319 | D:8      | Bought a murky clear potion for 27 gold pieces
  6319 | D:8      | Bought a potion of heal wounds for 150 gold pieces
  6319 | D:8      | Bought a potion of lignification for 90 gold pieces
  6393 | D:8      | XOM: cleaving
  6644 | D:8      | XOM: god gift: 5 stones
  6758 | D:9      | XOM: god gift: pair of glowing gloves {god gift}
  6787 | D:9      | Noticed Maggie
  6794 | D:9      | XOM: destruction
  6804 | D:9      | XOM: cleaving
  6808 | D:9      | Killed Maggie
  6818 | D:9      | Noticed a gargoyle
  6824 | D:9      | Killed a gargoyle
  6825 | D:9      | Reached skill level 11 in Evocations
  7063 | D:9      | XOM: 1-stop teleportation journey
  7118 | D:9      | Noticed a two-headed ogre
  7171 | D:9      | Noticed a moth of wrath
  7179 | D:9      | Noticed a tengu warrior
  7180 | D:9      | Noticed P0WERM0DE's ghost (journeyman CoCK)
  7196 | D:9      | Identified the +3 leather armour of Jasan {rElec Dex+3}
  7404 | D:9      | Noticed a two-headed ogre
  7409 | D:9      | Found a transporter.
  7414 | D:9      | Found a transporter.
  7416 | D:9      | Found a bloodstained altar of Trog.
  7421 | D:9      | XOM: summons 8 friendly demons
  7427 | D:9      | Killed a tengu warrior
  7428 | D:9      | Reached skill level 10 in Fighting
  7428 | D:9      | Reached skill level 10 in Axes
  7431 | D:9      | XOM: cast spell 'Disjunction'
  7436 | D:9      | Killed a moth of wrath
  7437 | D:9      | Reached XP level 11. HP: 70/91 MP: 11/11
  7438 | D:9      | Killed a two-headed ogre
  7451 | D:9      | Killed P0WERM0DE's ghost
  7472 | D:9      | Killed a two-headed ogre
  7473 | D:9      | Reached skill level 12 in Evocations
  7496 | D:9      | Found a staircase to the Lair.
  7496 | D:9      | XOM: 5-stop teleportation journey
  7717 | D:9      | Identified the +8 arbalest "Asineppo" {antimagic, rPois
                  | rC++ SInv}
  7863 | D:9      | Identified the +3 quarterstaff of Far Miag {holy, rElec rF+
                  | rC+ rCorr}
  7892 | D:9      | XOM: confuse monster(s)
  7895 | D:9      | XOM: divination: magic mapping
  8210 | D:9      | XOM is BORED!
  8459 | D:9      | XOM: cloud trail
  8464 | D:10     | Entered Level 10 of the Dungeon
  8682 | D:10     | XOM: summons 6 hostile demons
  8949 | D:10     | XOM: potion effect (might)
  9180 | D:11     | Noticed a two-headed ogre
  9190 | D:11     | Killed a two-headed ogre
  9191 | D:11     | Reached skill level 5 in Armour
  9295 | D:11     | XOM: confuse monster(s)
  9298 | D:11     | XOM: enchant monster (good)
  9512 | D:11     | Reached skill level 13 in Evocations
  9512 | D:11     | Reached XP level 12. HP: 99/100 MP: 12/12
  9550 | D:11     | Noticed a two-headed ogre
  9557 | D:11     | Killed a two-headed ogre
  9647 | D:11     | XOM: noise
  9649 | D:11     | XOM: confuse monster(s)
  9708 | D:11     | Found a transporter.
  9713 | D:11     | Found a transporter.
  9790 | D:11     | Found a roughly hewn altar of Beogh.
  9790 | D:11     | Found a staircase to the Orcish Mines.
  9796 | D:11     | XOM: cast spell 'Fugue of the Fallen'
  9799 | D:11     | XOM: noise
  9973 | D:11     | XOM: divination: detect items
  9975 | D:11     | XOM: scenery: create altars
 10013 | D:11     | Noticed arvianne's ghost (journeyman KoBr)
 10199 | Lair:1   | XOM: stealth player
 10199 | Lair:1   | Entered Level 1 of the Lair of Beasts
 10305 | Lair:1   | XOM: summons 1 hostile shadow creature
 10309 | Lair:1   | XOM: noise
 10311 | Lair:1   | XOM: chaos cloud
 10547 | Lair:1   | XOM: cast spell 'Iskenderun's Battlesphere'
 10599 | Lair:1   | XOM: enchant monster (good)
 10661 | Lair:1   | XOM: cleaving
 10872 | Lair:1   | Reached skill level 14 in Evocations
 11553 | Lair:2   | Acquired a +1 broad axe of electrocution
 11555 | Lair:2   | XOM: swap monsters
 11561 | Lair:2   | XOM: summons friendly quasit
 11600 | Lair:2   | Found a staircase to the Snake Pit.
 12044 | Lair:2   | XOM: give mutations
 12044 | Lair:2   | Gained mutation: Your mind is acute. (Int +4, Str/Dex -1)
                  | [Xom's mischief]
 12044 | Lair:2   | Gained mutation: You are vulnerable to cold. (rC-) [Xom's
                  | mischief]
 12044 | Lair:2   | Lost mutation: You have supernaturally acute eyesight.
                  | (SInv) [Xom's mischief]
 12044 | Lair:2   | Gained mutation: You have hidden genetic potential. [Xom's
                  | mischief]
 12070 | Lair:2   | XOM: silly message
 12198 | Lair:2   | Identified the +0 plate armour "Mijucw" {rF++ rC++ Str+2}
 12605 | Lair:2   | You fall into a shaft and drop 1 floor!
 12611 | Lair:3   | Reached XP level 13. HP: 108/108 MP: 13/13
 12750 | Lair:3   | XOM: snakes to sticks
 12939 | Lair:3   | XOM: fog
 12950 | Lair:3   | Reached skill level 15 in Evocations
 13062 | Lair:3   | XOM: fog
 13077 | Lair:3   | XOM: scenery: create altars
 13423 | Lair:3   | Found a staircase to the Shoals.
 13465 | Lair:3   | Gained mutation: Your system is resistant to poisons.
                  | (rPois) [hidden potential]
 13527 | Lair:3   | XOM: divination: detect items
 13584 | Lair:3   | XOM: enchant monster (good)
 13588 | Lair:3   | XOM: cast spell 'Death Channel'
 13803 | Lair:3   | XOM: cloud trail
 14085 | Lair:3   | XOM: scenery: 2 fountains blood, 1 doors open
 14170 | Lair:3   | XOM: summons 12 friendly demons
 14185 | Lair:3   | XOM: give mutations
 14185 | Lair:3   | Gained mutation: You have a somewhat thin skeletal
                  | structure. (Dex +2, Stealth+) [Xom's grace]
 14185 | Lair:3   | Gained mutation: Your flesh is heat resistant. (rF+) [Xom's
                  | grace]
 14245 | Lair:4   | Found a frozen archway.
 14260 | IceCv    | Entered an ice cave
 14474 | IceCv    | Found a transporter.
 14487 | IceCv    | Found a transporter.
 14706 | Lair:4   | XOM: confuse monster(s)
 14710 | Lair:4   | XOM: scenery: summon butterflies
 14730 | Lair:4   | XOM: give mutation
 14730 | Lair:4   | Gained mutation: You are covered in fur. (AC +1) [Xom's
                  | grace]
 14773 | Lair:4   | Reached XP level 14. HP: 104/118 MP: 14/14
 14773 | Lair:4   | Acquired a pneumatic capacitor {Rampage Acrobat rF+ rC+}
 14800 | Lair:4   | XOM: give mutations
 14800 | Lair:4   | Lost mutation: You possess an exceptional clarity of mind.
                  | [Xom's mischief]
 14800 | Lair:4   | Lost mutation: You have hidden genetic potential. [Xom's
                  | mischief]
 14800 | Lair:4   | Gained mutation: You sometimes lose your temper in combat.
                  | [Xom's mischief]
 14854 | Lair:4   | XOM: 3-stop teleportation journey
 15081 | Lair:4   | Reached skill level 16 in Evocations
 15189 | Lair:4   | XOM: cloud trail
 15278 | Lair:4   | XOM: give mutations
 15278 | Lair:4   | Lost mutation: You are covered in fur. (AC +1) [Xom's
                  | mischief]
 15278 | Lair:4   | Lost mutation: You sometimes lose your temper in combat.
                  | [Xom's mischief]
 15278 | Lair:4   | Lost mutation: You are vulnerable to cold. (rC-) [Xom's
                  | mischief]
 15373 | Lair:5   | Entered Level 5 of the Lair of Beasts
 15377 | Lair:5   | XOM: divination: detect creatures
 15941 | Lair:5   | XOM: 1-stop teleportation journey
 16140 | Lair:5   | XOM: cast spell 'Disjunction'
 16152 | Lair:5   | XOM: noise
 16157 | Lair:5   | XOM: destruction
 16168 | Lair:5   | XOM: stat loss: -1 Dex (23/24)
 16273 | Lair:5   | XOM: 1-stop teleportation journey
 16353 | Lair:5   | XOM: stat loss: -1 Int (14/15)
 16362 | Lair:5   | XOM: confusion
 16372 | Lair:5   | XOM: enchant monster (bad)
 16615 | Lair:5   | Found a staircase to the Slime Pits.
 16636 | Lair:5   | Found a viscous altar of Jiyva.
 17000 | Orc:1    | Entered Level 1 of the Orcish Mines
 17033 | Orc:1    | XOM: scenery: summon butterflies
 17158 | Orc:1    | Reached skill level 17 in Evocations
 17408 | Orc:2    | Entered Level 2 of the Orcish Mines
 17450 | Orc:2    | Found a dark tunnel.
 17462 | Volcano  | Entered a volcano
 17537 | Volcano  | XOM: god gift: scroll of teleportation
 17578 | Volcano  | Reached skill level 10 in Armour
 17628 | Volcano  | XOM: confuse monster(s)
 17960 | Volcano  | XOM: summons friendly shadow imp
 17962 | Volcano  | XOM: enchant monster (good)
 17973 | Volcano  | XOM: divination: magic mapping
 17984 | Volcano  | Reached XP level 15. HP: 127/127 MP: 15/15
 18057 | Volcano  | XOM: god gift: wand of mindburst (9)
 18218 | Orc:2    | Found Ritaduoh's Assorted Antiques.
 18231 | Orc:2    | XOM: polymorph orc wizard -> frilled lizard
 18235 | Orc:2    | XOM: confuse monster(s)
 18240 | Orc:2    | Found a roughly hewn altar of Beogh.
 18241 | Orc:2    | XOM: enchant monster (good)
 18245 | Orc:2    | XOM: summons friendly crimson imp
 18245 | Orc:2    | Noticed an orc warlord
 18246 | Orc:2    | XOM: confuse monster(s)
 18254 | Orc:2    | XOM: god gift: scale mail {god gift}
 18258 | Orc:2    | Found Erry's General Store.
 18265 | Orc:2    | Found Zojorchu's Antique Armour Boutique.
 18273 | Orc:2    | Killed an orc warlord
 18280 | Orc:2    | Found Ischom's Antique Weapon Boutique.
 18430 | Orc:2    | Found a staircase to the Elven Halls.
 18430 | Orc:2    | XOM: 1-stop teleportation journey
 18496 | Orc:2    | XOM: noise
 18574 | Orc:2    | Bought a +0 cloak of preservation for 184 gold pieces
 18590 | Orc:2    | Bought a pair of runed boots for 240 gold pieces
 18737 | Orc:2    | Found Ceuwaroh's Jewellery Boutique.
 18839 | Orc:2    | XOM: divination: detect items
 18855 | Orc:2    | Bought a shimmering hand axe for 272 gold pieces
 18855 | Orc:2    | Identified the +5 hand axe of Aku Likhleno {drain, rPois}
                  | (You bought it in a shop on level 2 of the Orcish Mines)
 18855 | Orc:2    | Bought a scroll of summoning for 323 gold pieces
 19270 | D:12     | XOM: confusion (+ monsters)
 19271 | D:12     | XOM: enchant monster (bad)
 19476 | D:13     | XOM: potion effect (berserk rage)
 19516 | D:13     | XOM: scenery: summon butterflies
 19629 | D:13     | Found a gate to the Vaults.
 19629 | D:13     | XOM: 3-stop teleportation journey
 19630 | D:13     | XOM: silly message
 19635 | D:13     | Reached skill level 18 in Evocations
 19656 | D:13     | Reached skill level 15 in Fighting
 19971 | D:13     | Reached skill level 15 in Axes
 20251 | D:14     | XOM: enchant monster (bad)
 20627 | D:14     | XOM: stat loss: -1 Dex (23/24)
 20739 | D:14     | XOM: cleaving
 20939 | D:14     | XOM: noise
 20977 | D:14     | Found an iron altar of Okawaru.
 21215 | D:14     | XOM: god gift: book of Blood
 21306 | D:14     | XOM: scenery: summon butterflies
 21380 | D:15     | Entered Level 15 of the Dungeon
 21708 | D:15     | Reached XP level 16. HP: 135/136 MP: 16/16
 21717 | D:15     | XOM: give mutations
 21717 | D:15     | Gained mutation: Your flesh is very heat resistant. (rF++)
                  | [Xom's grace]
 21717 | D:15     | Gained mutation: You have a pair of small horns on your
                  | head. [Xom's grace]
 21840 | D:15     | XOM: 2-stop teleportation journey
 21881 | D:15     | XOM: scenery: 1 doors open
 22019 | D:15     | Found a staircase to the Depths.
 22292 | D:15     | XOM: silly message
 22576 | D:15     | XOM: divination: magic mapping
 22753 | Lair:2   | XOM is BORED!
 22753 | Lair:2   | XOM: silly message
 22991 | Snake:1  | Entered Level 1 of the Snake Pit
 23264 | Snake:1  | Found Wassoe Regull's General Store.
 23268 | Snake:1  | Found Zimoaga's Specific Store.
 23272 | Snake:1  | Bought a scroll of fear for 60 gold pieces
 23276 | Snake:1  | Bought a wand of roots (4) for 153 gold pieces
 23324 | Snake:1  | XOM: give mutations
 23324 | Snake:1  | Gained mutation: You possess an exceptional clarity of
                  | mind. [Xom's mischief]
 23324 | Snake:1  | Gained mutation: You are somewhat resistant to further
                  | mutation. [Xom's mischief]
 23324 | Snake:1  | Lost mutation: You have a somewhat thin skeletal structure.
                  | (Dex +2, Stealth+) [Xom's mischief]
 23324 | Snake:1  | Lost mutation: You passively dampen the noise of your
                  | surroundings. [Xom's mischief]
 23357 | Snake:1  | Noticed Jorgrun
 23371 | Snake:1  | Killed Jorgrun
 23533 | Snake:1  | Found the +10 morningstar "Eos" {elec, Halo rElec}
 23543 | Snake:1  | XOM: enchant monster (good)
 23568 | Snake:1  | XOM: give mutations
 23568 | Snake:1  | Lost mutation: You are somewhat resistant to further
                  | mutation. [Xom's mischief]
 23568 | Snake:1  | Gained mutation: You have an increased reservoir of magic.
                  | (+10% MP) [Xom's mischief]
 23568 | Snake:1  | Gained mutation: You are partially covered in iridescent
                  | scales. (AC +2) [Xom's mischief]
 23568 | Snake:1  | Lost mutation: You have an increased reservoir of magic.
                  | (+10% MP) [Xom's mischief]
 23654 | Snake:1  | XOM: confuse monster(s)
 23667 | Snake:1  | Reached skill level 19 in Evocations
 23937 | Snake:1  | XOM: summons 1 hostile shadow creature
 24102 | Snake:2  | Identified the serpent talisman "Jyez" {rElec rF+ rC-
                  | Str+4}
 24102 | Snake:2  | Noticed Aizul
 24111 | Snake:2  | Killed Aizul
 24112 | Snake:2  | XOM: silly message
 24221 | Snake:1  | XOM: god gift: wand of charming (4)
 24337 | Snake:1  | XOM: scenery: summon butterflies
 24342 | Snake:2  | XOM: divine lightning
 24344 | Snake:2  | XOM: summons 3 hostile shadow creatures
 24347 | Snake:2  | XOM: stat loss: -1 Dex (21/22)
 24395 | Snake:1  | XOM is BORED!
 24395 | Snake:1  | XOM: draining
 24611 | Snake:2  | XOM: swap monsters
 24619 | Snake:2  | Found Avvotwo's Assorted Antiques.
 24623 | Snake:2  | Bought 3 scrolls of identify for 246 gold pieces
 24658 | Snake:2  | You fall into a shaft and drop 1 floor!
 24896 | Snake:3  | XOM: 1-stop teleportation journey
 24902 | Snake:3  | XOM: summons 2 friendly demons
 24906 | Snake:3  | XOM: cleaving
 24963 | Snake:3  | XOM: summons 9 hostile demons
 25247 | Snake:3  | XOM: blink monster(s)
 25361 | Snake:2  | XOM: silly message
 25874 | Snake:2  | XOM: noise
 25887 | Snake:2  | XOM: silly message
 26098 | Snake:2  | XOM: give mutations
 26098 | Snake:2  | Lost mutation: You have a pair of small horns on your head.
                  | [Xom's mischief]
 26098 | Snake:2  | Lost mutation: You are partially covered in iridescent
                  | scales. (AC +2) [Xom's mischief]
 26337 | Snake:3  | Found Yqamesox's Magic Scroll Shoppe.
 26361 | Snake:3  | Found Rennerre's Distillery.
 26370 | Snake:3  | Bought a potion of might for 60 gold pieces
 26370 | Snake:3  | Bought 2 potions of haste for 300 gold pieces
 26370 | Snake:3  | Bought a potion of haste for 150 gold pieces
 26370 | Snake:3  | Bought a potion of haste for 150 gold pieces
 26370 | Snake:3  | Bought 2 potions of curing for 90 gold pieces
 26370 | Snake:3  | Bought a potion of curing for 45 gold pieces
 26384 | Snake:3  | Reached XP level 17. HP: 139/144 MP: 17/17
 26527 | Snake:3  | XOM: summons 8 hostile demons
 26777 | Snake:4  | Entered Level 4 of the Snake Pit
 26788 | Snake:4  | Found Xaus's Distillery.
 26800 | Snake:4  | XOM: silly message
 26821 | Snake:4  | Bought a potion of heal wounds for 90 gold pieces
 26857 | Snake:4  | XOM: cast spell 'Fugue of the Fallen'
 26992 | Snake:4  | Got the Grimoire of the Allied Tundra
 26999 | Snake:4  | Found Hyiguu's Magic Scroll Emporium.
 27003 | Snake:4  | Reached skill level 20 in Evocations
 27064 | Snake:4  | Found Riwkuoqe's Assorted Antiques.
 27176 | Snake:4  | XOM: enchant monster (good)
 27181 | Snake:4  | XOM: summons 2 friendly demons
 27758 | Snake:4  | Got a serpentine rune of Zot
 27793 | Snake:4  | XOM: potion effect (haste)
 27990 | Snake:4  | XOM: cloud trail
 28561 | Snake:4  | XOM: potion effect (brilliance)
 28563 | Snake:4  | XOM: potion effect (curing)
 28888 | Snake:4  | XOM: summons 1 hostile shadow creature
 28969 | Snake:4  | XOM: god gift: potion of curing
 29075 | Snake:4  | XOM: give mutations
 29075 | Snake:4  | Gained mutation: You expend magic power (3 MP) to
                  | strengthen your wands. [Xom's grace]
 29075 | Snake:4  | Gained mutation: Your skin changes colour to match your
                  | surroundings (Stealth+). [Xom's grace]
 29954 | Lair:3   | XOM: summons 3 hostile shadow creatures
 29976 | Shoals:1 | Entered Level 1 of the Shoals
 29987 | Shoals:1 | XOM: summons 4 friendly demons
 30006 | Shoals:1 | Identified the +3 leather armour "Taischuza" {Str+3}
 30012 | Shoals:1 | Reached XP level 18. HP: 141/155 MP: 18/18
 30031 | Shoals:1 | XOM: scenery: create altars
 30050 | Shoals:1 | XOM: summons 2 friendly demons
 30258 | Shoals:1 | XOM: enchant monster (bad)
 30261 | Shoals:1 | XOM: cast spell 'Metabolic Englaciation'
 30327 | Shoals:1 | XOM: cast spell 'Leda's Liquefaction'
 30664 | Shoals:1 | XOM: summons 7 friendly demons
 31010 | Shoals:1 | XOM: potion effect (berserk rage)
 31115 | Shoals:1 | XOM: destruction
 31233 | Shoals:1 | XOM: confuse monster(s)
 31375 | Shoals:1 | XOM: enchant monster (good)
 31470 | Shoals:1 | XOM: destruction
 31676 | Shoals:1 | XOM: give mutation
 31676 | Shoals:1 | Gained mutation: You are covered in fur. (AC +1) [Xom's
                  | grace]
 32043 | Shoals:2 | Found a runed translucent door.
 32055 | Shoals:2 | XOM: scenery: 1 doors open
 32101 | Shoals:2 | Noticed Weciw's ghost (adept TrSh)
 32123 | Shoals:2 | Killed Weciw's ghost
 32181 | Shoals:2 | XOM: god gift: 56 gold pieces
 32306 | Shoals:2 | XOM: blink monster(s)
 32476 | Shoals:2 | XOM: 9-stop teleportation journey
 32481 | Shoals:2 | XOM: silly message
 32586 | Shoals:2 | XOM is BORED!
 32586 | Shoals:2 | XOM: give mutations
 32586 | Shoals:2 | Gained mutation: You have a somewhat thin skeletal
                  | structure. (Dex +2, Stealth+) [Xom's mischief]
 32586 | Shoals:2 | Lost mutation: You are covered in fur. (AC +1) [Xom's
                  | mischief]
 32869 | Shoals:3 | XOM: blink monster(s)
 33578 | Shoals:3 | Found a runed translucent gate.
 33579 | Shoals:3 | Found a runed translucent gate.
 33581 | Shoals:3 | XOM: polymorph manticore -> swamp drake
 33583 | Shoals:3 | Found a runed translucent gate.
 33584 | Shoals:3 | Noticed skelma's ghost (adept DrBe)
 33584 | Shoals:3 | Noticed Kifroibbe's ghost (adept DsMo)
 33584 | Shoals:3 | Noticed Toskicku's ghost (adept FoHu)
 33584 | Shoals:3 | Noticed Kifroibbe's ghost (adept DsMo)
 33598 | Shoals:3 | XOM: noise
 33605 | Shoals:3 | XOM: enchant monster (bad)
 33613 | Shoals:3 | Killed Toskicku's ghost
 33614 | Shoals:3 | HP: 6/145 [Kifroibbe's ghost (19)]
 33619 | Shoals:3 | Noticed Ilsuiw
 33619 | Shoals:3 | Noticed Louise
 33634 | Shoals:3 | Killed Louise
 33851 | Shoals:3 | XOM: summons 1 hostile demon
 33852 | Shoals:3 | XOM: polymorph iron imp -> lemure
 33861 | Shoals:3 | Killed skelma's ghost
 33890 | Shoals:3 | Reached skill level 15 in Armour
 33935 | Shoals:3 | Killed Kifroibbe's ghost
 34038 | Shoals:3 | XOM: 1-stop teleportation journey
 34041 | Shoals:3 | XOM: swap monsters
 34050 | Shoals:3 | Reached XP level 19. HP: 129/160 MP: 19/19
 34186 | Shoals:3 | XOM: summons 10 hostile demons
 34204 | Shoals:3 | Killed Kifroibbe's ghost
 34419 | Shoals:3 | XOM: smoke on damage
 34434 | Shoals:3 | Killed Ilsuiw
 34436 | Shoals:3 | XOM: polymorph merfolk javelineer -> shapeshifter
 34588 | Shoals:3 | XOM: stat loss: -1 Int (14/15)
 34662 | Shoals:3 | XOM: 2-stop teleportation journey
 34716 | Shoals:3 | Identified the +3 chain mail of the Blizzard {rC+ rN++}
 34765 | Shoals:4 | Entered Level 4 of the Shoals
 34794 | Shoals:4 | XOM: chaos cloud
 34846 | Shoals:4 | XOM: summons 3 hostile shadow creatures
 35108 | Shoals:4 | HP: 2/165 [sea snake (13)]
 35109 | Shoals:4 | Slain by a faun

Illustrated notes

Levels and vault maps discovered:
D:1:      ncdulo_smallfort, layout_basic
D:2:      layout_loops_ring, uniq_jessica, uniq_sigmund, uniq_terence
D:3:      layout_rooms, gammafunk_ghost_mausoleum, kennysheep_nondescript,
          minmay_ruptured
D:4:      layout_loops_corners, uniq_menkaure
D:5:      layout_loops_cross, mainiacjoe_overflow_catwalk,
          minmay_temple_entry_slanted
D:6:      layout_loops_corners, nicolae_dithmenos_through_a_glass_darkly,
          minmay_door_square
D:7:      lemuel_ice_statue, layout_loops_ring, old_standard_altar,
          grunt_decor_fettered, worms_lemuel, uniq_maurice, uniq_jeremiah
D:8:      layout_cave_pods, serial_shops, nicolae_shop_waterfront
D:9:      layout_layer_cave, minmay_lair_entry_grove,
          gammafunk_ghost_wrathful_warriors, kennysheep_decorative_pillar,
          serial_bayou_lake_a, uniq_maggie
D:10:     layout_long_grid, lemuel_flamethrower_2
D:11:     layout_long_grid, david_orc_5, gammafunk_ghost_hive
D:12:     layout_roguey, serial_glass, glass_columns_a, glass_columns_b,
          glass_columns_a, glass_columns_b, glass_columns_b, glass_columns_b,
          glass_columns_b, glass_columns_a, glass_columns_c, glass_columns_a,
          glass_columns_a, glass_columns_b, glass_columns_b, glass_columns_b,
          minmay_strange_pillars, feat_on_display, feat_on_display,
          minmay_strange_pillars, grunt_ministairs_2
D:13:     layout_rooms, erik_vaults_2
D:14:     layout_loops_ring, kennysheep_okawaru_gauntlet
D:15:     hangedman_depths_entry_try_elsewhere_first, layout_basic,
          serial_bayou_pond_b
Temple:   compressed_dpeg_triangle_lava_temple
Lair:1:   layout_misc_corridors, patterned_corridor, lemuel_fruit_tree,
          grunt_megastairs_3
Lair:2:   layout_cave_pods, dummy_snake_entry
Lair:3:   regret_index_wax_grids, layout_hall_layers, elwin_shoals_entry_rooms,
          grunt_megastairs_5
Lair:4:   layout_misc_corridors, portal_ice_cave_entry_ice_simulacra,
          wad_woods_road_02
Lair:5:   gammafunk_lair_ancient_temple, layout_hall_layers, slime_entry_1
Shoals:1: nicolae_shoals_lighthouse, layout_shoals
Shoals:2: layout_shoals, ebering_ghost_reflecting_pool
Shoals:3: layout_shoals, gammafunk_ghost_cemetery, st_cyclops, uniq_ilsuiw,
          uniq_louise
Shoals:4: shoals_end_simple, layout_shoals, serial_shops, shop,
          hangedman_shoals_cup_caves
Snake:1:  layout_cave_shapes, nicolae_specific_store, uniq_jorgrun
Snake:2:  layout_misc_corridors, serial_shops, shop, grunt_ministairs_7,
          uniq_aizul
Snake:3:  layout_cave_shapes, serial_shops, shop, nicolae_take_the_stairs
Snake:4:  grunt_snake_rune_spirals, layout_onion_interference, serial_shops,
          nicolae_shop_tiny_glass, nicolae_shop_hallway_plus,
          nicolae_shop_tiny_real_fake_doors, hangedman_snake_pattern
Orc:1:    layout_caves
Orc:2:    grunt_orc_cross, layout_caves, serial_shops, shop_fountains,
          lightli_volcano_entry_magma_tube

Skill      XL: |  1  2  3  4  5  6  7  8  9 10 11 12 13 14 15 16 17 18 |
---------------+-------------------------------------------------------+-----
Fighting       | 4 5 6 7 8 10 11 12 13 14 15 16 17 18 | 18.7
Axes           | 4 5 6 7 8 10 11 12 13 14 15 16 17 18 | 18.6
Evocations     | 2 3 5 7 9 11 13 14 15 17 18 19 20 | 20.0
Armour         | 3 5 7 8 10 11 12 13 15 | 15.2
Dodging        | |  0.8

Action                     |  1- 3 |  4- 6 |  7- 9 | 10-12 | 13-15 | 16-18 | 19-21 || total
---------------------------+-------+-------+-------+-------+-------+-------+-------++-------
  Melee: Hand axe          |    68 |    70 |   160 |   178 |   711 |    86 |       ||  1273
         Dagger            |    62 |    54 |       |       |       |       |       ||   116
         War axe           |       |    17 |   166 |   324 |       |       |       ||   507
         Trident           |       |       |       |   282 |       |       |       ||   282
         Broad axe         |       |       |       |    47 |   747 |   837 |    96 ||  1727
         Morningstar       |       |       |       |       |       |   753 |    94 ||   847
         Headbutt          |       |       |       |       |       |    85 |       ||    85
Ability: Invent Gizmo      |       |       |       |       |     1 |       |       ||     1
  Evoke: Wand              |       |       |     2 |     9 |    13 |    22 |       ||    46
         Tin of tremorston |       |       |       |       |     9 |     5 |       ||    14
    Use: Scroll            |       |     5 |     7 |    10 |    17 |    17 |       ||    56
         Potion            |       |       |     5 |     2 |     5 |    18 |       ||    30
   Stab: Paralysed         |     1 |       |       |     3 |       |       |       ||     4
         Sleeping          |       |     2 |       |       |     5 |     2 |       ||     9
         Confused          |       |     1 |     4 |     3 |    19 |     3 |       ||    30
         Invisible         |       |       |     2 |       |    14 |       |       ||    16
         Petrifying        |       |       |       |     1 |     1 |       |       ||     2
         Distracted        |       |       |       |     3 |       |     3 |       ||     6
 Armour: Leather armour    |    45 |    40 |    54 |       |       |       |       ||   139
         Plate armour      |       |       |   170 |   630 |   956 |  1315 |   198 ||  3269
  Dodge: Dodged            |    33 |    29 |    43 |    84 |   186 |   396 |    40 ||   811

Table legend: (Time is in decaauts)
 A = Elapsed time spent in this place.
 B = Non-inter-level travel time spent in this place.
 C = Inter-level travel time spent in this place.
 D = Time resting spent in this place.
 E = Time spent auto-exploring this place.
 F = Levels seen in this place.
 G = Mean time per level.
                   A        B        C        D        E       F      G
               +--------+--------+--------+--------+--------+-----+--------+
         Total |  34968 |  33305 |   1663 |   4741 |  23082 |  33 | 1059.6 |
       Dungeon |  14153 |  13254 |    899 |    183 |  10974 |  15 |  943.5 |
        Temple |      1 |      1 |      0 |      0 |      0 |   1 |    1.0 |
          Lair |   6655 |   6266 |    389 |    763 |   4537 |   5 | 1331.0 |
        Shoals |   5199 |   5125 |     74 |   1534 |   2474 |   4 | 1299.8 |
     Snake Pit |   6846 |   6658 |    188 |   1813 |   3910 |   4 | 1711.5 |
  Orcish Mines |   1248 |   1137 |    111 |      0 |    935 |   2 |  624.0 |
      Ice Cave |    240 |    240 |      0 |    200 |      0 |   1 |  240.0 |
       Volcano |    622 |    622 |      0 |    248 |    251 |   1 |  622.0 |
               +--------+--------+--------+--------+--------+-----+--------+

Top non-repeatable levels by time:
 Snake:4: 3057 daAuts
Shoals:1: 2117 daAuts
     D:9: 1988 daAuts
  Lair:3: 1654 daAuts
Shoals:3: 1604 daAuts
  Lair:2: 1502 daAuts
 Snake:2: 1387 daAuts
     D:6: 1309 daAuts
     D:7: 1257 daAuts
 Snake:1: 1225 daAuts
  Lair:4: 1214 daAuts
    D:15: 1192 daAuts
 Snake:3: 1174 daAuts
    D:14: 1170 daAuts
  Lair:5: 1147 daAuts
